 Dungeon Crawl Stone Soup version 0.29.1-15-g9cfb28693d (webtiles) character file.

Game seed: 12937828456583361691

3791 EarthwalkerPL the Protected (level 9, 0/85 HPs)
             Began as a Minotaur Fighter on Apr 13, 2023.
             Slain by a vampire
             ... wielding a +1 vampiric halberd
              (2 damage)
             ... in a bailey.
             The game lasted 00:12:13 (6439 turns).

EarthwalkerPL the Protected (Minotaur Fighter)      Turns: 6439, Time: 00:12:14

Health: 0/85       AC: 15    Str: 26    XL:     9   Next: 95%
Magic:  8/8        EV: 12    Int:  5    God:
Gold:   79         SH:  0    Dex:  9    Spells: 8/8 levels left

rFire   . . .      SeeInvis +   a - +0 war axe
rCold   . . .      Faith    .   c - +0 buckler
rNeg    . . .      Spirit   .   H - +0 chain mail of Wosaunni {+Inv rElec}
rPois   .          Reflect  .   (helmet restricted)
rElec   +          Harm     .   p - +2 cloak
rCorr   .          Rampage  .   (no gloves)
Will    .....                   (no boots)
Stlth   ..........              (no amulet)
HPRegen 0.24/turn               f - +4 ring of evasion
MPRegen 0.11/turn               C - ring of see invisible

@: confused
A: horns 2, retaliatory headbutt
a: Evoke Invisibility


You were in a bailey.
You visited 2 branches of the dungeon, and saw 8 of its levels.
You also visited: Bailey.

You collected 364 gold pieces.
You spent 285 gold pieces at shops.

Inventory:

Hand Weapons
 a - a +0 war axe (weapon)
 n - the +6 halberd of Sewienoleti {antimagic, rF+ Int+2 SInv}
   (You found it on level 7 of the Dungeon)

   It reduces the magical energy of the wielder, and disrupts the spells and
   magical abilities of those it strikes.
   Natural abilities and divine invocations are not affected.
   Int:       It affects your intelligence (+2).
   rF:        It protects you from fire.
   SInv:      It lets you see invisible.
Missiles
 k - 7 poisoned darts
 t - a boomerang (quivered)
 v - 3 javelins
Armour
 b - a +0 scale mail
 c - a +0 buckler (worn)
 p - a +2 cloak (worn)
 H - the +0 chain mail of Wosaunni (worn) {+Inv rElec}
   (You bought it in a shop on level 5 of the Dungeon)

   rElec:     It insulates you from electricity.
   +Inv:      It lets you turn invisible.
Jewellery
 f - a +4 ring of evasion (left hand)
 l - a ring of ice
 w - a ring of positive energy
 C - a ring of see invisible (right hand)
Wands
 x - a wand of polymorph (11)
 I - a wand of roots (15)
Scrolls
 g - 2 scrolls of fear
 j - a scroll of fog
 m - 4 scrolls of vulnerability
 o - a scroll of amnesia
 r - 3 scrolls of teleportation
 y - 2 scrolls of enchant weapon
 z - a scroll of acquirement {unknown}
 A - a scroll of torment {unknown}
 B - 2 scrolls of immolation
 D - a scroll of noise {unknown}
Potions
 d - 2 potions of might
 e - 4 potions of brilliance {unknown}
 h - a potion of flight {unknown}
 i - 2 potions of haste {unknown}
 q - a potion of invisibility {unknown}
 s - 4 potions of curing {unknown}
 u - a potion of lignification {unknown}
 E - 2 potions of attraction {unknown}
 F - 2 potions of heal wounds {unknown}
 G - 2 potions of degeneration {unknown}
 J - a potion of mutation {unknown}
 K - 2 potions of berserk rage {unknown}


   Skills:
 * Level 9.9 Fighting
 * Level 9.5 Axes
 * Level 10.0 Armour
 + Level 7.4 Shields


You had 8 spell levels left.
You didn't know any spells.
Your spell library contained the following spells:

 Spells                   Type           Power      Damage    Failure   Level
 Necrotise                Necr           0%         1d4       97%         1
 Vampiric Draining        Necr           0%         2d6       100%        3
 Agony                    Necr           0%         N/A       100%        5


Dungeon Overview and Level Annotations

Branches:
Dungeon (7/15)             Temple (1/1) D:5          Bailey (1/1)

Altars:
Ashenzari
Cheibriados
Fedhas
Gozag
Kikubaaqudgha
Qazlal
Sif Muna
Trog
Uskayaw
Wu Jian
Yredelemnul
The Shining One

Shops:
D:5 [

Annotations:
D:5 1 runed translucent door, Alturiack's ghost, novice HOCA


Innate Abilities, Weirdness & Mutations

You have a pair of horns on your head.
You reflexively headbutt those who attack you in melee.


Message History

The vampire draws strength from your wounds!
The vampire bites you but does no damage.
You bump into the stone wall.
The vampire misses you. The vampire bites you!
* * * LOW HITPOINT WARNING * * *
The vampire draws strength from your injuries!
You slash the vampire!
The vampire is heavily damaged.
The vampire barely misses you. The vampire bites you.
* * * LOW HITPOINT WARNING * * *
The vampire draws strength from your injuries!
You barely miss the vampire. Your headbutt misses the vampire.
The vampire is heavily damaged.
The vampire casts a spell at you.
You are more confused.
The vampire gestures at you while chanting.
You resist with some effort.
The vampire hits you but does no damage.
The vampire completely misses you. The vampire draws life force from you!
* * * LOW HITPOINT WARNING * * *
The vampire is healed by the life force!
The vampire barely misses you.
The vampire bites you but does no damage.
The vampire attacks as you move away!
The vampire hits you but does no damage.
The vampire barely misses you.
The vampire gestures at you while chanting.
You resist with some effort.
Press: ? - help, v - describe, . - travel The floor.
Press: ? - help, v - describe, . - travel The floor.
Okay, then.
You are too confused!
Unknown command.
The vampire barely misses you.
The vampire bites you but does no damage.
The vampire attacks as you move away!
The vampire hits you with a +1 vampiric halberd.
You die...

##### ######...8# ####
#..##.....! ...# #
#.@#...# ...#+##...
#.V'..# .........♣
#.)'..## #..........
..#..#...#
....♣.....♣♣..#..##.....!#
...♣..........#...##.(((##
#............##....######
.....♣......##......8#
.......♣...##...##...#


You could see a vampire (invisible).

Vanquished Creatures
  A gargoyle (Bailey)
  Prince Ribbit (D:7)
  A wyvern (D:6)
  3 yaks
  A steam dragon (D:7)
  2 water moccasins (D:5)
  An ice beast (D:5)
  2 sky beasts (D:6)
  3 ogres
  2 centaurs
  2 phantoms
  A kobold brigand (D:6)
  3 necrophages
  A water moccasin zombie (D:4)
  A scorpion (D:5)
  5 wights
  A howler monkey (D:5)
  A human zombie (D:4)
  3 jellies
  3 hounds
  3 orc priests
  2 iguanas
  Terence (D:3)
  3 orc wizards
  2 scorpion zombies (D:4)
  A hound zombie (D:4)
  3 mummies (D:4)
  3 gnolls (D:6)
  9 adders
  3 white imps
  An adder zombie (D:4)
  3 worms
  3 dart slugs
  33 orcs
  5 ball pythons
  4 bats
  7 endoplasms
  5 giant cockroaches
  3 goblins
  8 hobgoblins
  6 jackals
  11 kobolds
  4 quokkas
  10 frilled lizards
  8 orc zombies (Bailey)
  5 rats
184 creatures vanquished.

Notes
Turn   | Place    | Note
-------+----------+-------------------------------------------
     0 | D:1      | EarthwalkerPL the Minotaur Fighter began the quest for the
                  | Orb.
     0 | D:1      | Reached XP level 1. HP: 19/19 MP: 0/0
    87 | D:1      | Found a faded altar of an unknown god.
   149 | D:1      | Reached XP level 2. HP: 24/27 MP: 1/1
   240 | D:1      | Reached skill level 4 in Armour
   693 | D:2      | Reached XP level 3. HP: 33/33 MP: 2/2
  1177 | D:3      | Noticed an ogre
  1217 | D:3      | Noticed Terence
  1248 | D:3      | Reached XP level 4. HP: 31/41 MP: 3/3
  1636 | D:3      | Killed Terence
  1780 | D:3      | Killed an ogre
  1781 | D:3      | Reached skill level 5 in Fighting
  1781 | D:3      | Reached skill level 5 in Armour
  1781 | D:3      | Reached XP level 5. HP: 39/48 MP: 4/4
  2264 | D:4      | Noticed a phantom
  2275 | D:4      | Killed a phantom
  2276 | D:4      | Reached XP level 6. HP: 55/56 MP: 5/5
  2379 | D:4      | Reached skill level 5 in Axes
  2459 | D:4      | Found an ornate altar of the Wu Jian Council.
  2672 | D:4      | Identified the +2 helmet "Roitiech" {Contam rN+ SInv}
  2820 | D:4      | Found a basalt altar of Yredelemnul.
  2827 | D:4      | Reached skill level 6 in Armour
  2841 | D:4      | Reached XP level 7. HP: 57/62 MP: 6/6
  2889 | D:4      | Reached skill level 5 in Shields
  3040 | D:5      | Entered Level 5 of the Dungeon
  3092 | D:5      | Found a runed translucent door.
  3092 | D:5      | Noticed Alturiack's ghost (novice HOCA)
  3092 | D:5      | Noticed a shadow
  3110 | D:5      | Found a staircase to the Ecumenical Temple.
  3117 | Temple   | Entered the Ecumenical Temple
  3230 | D:5      | Reached skill level 7 in Armour
  3230 | D:5      | Reached XP level 8. HP: 69/71 MP: 7/7
  4318 | D:5      | Found Hoze's Antique Armour Emporium.
  4335 | D:5      | Reached skill level 8 in Armour
  4590 | D:5      | Bought a smoking chain mail for 285 gold pieces
  4590 | D:5      | Identified the +0 chain mail of Wosaunni {+Inv rElec} (You
                  | bought it in a shop on level 5 of the Dungeon)
  4717 | D:6      | Found an opulent altar of Gozag.
  4954 | D:6      | Found an ancient bone altar of Kikubaaqudgha.
  5082 | D:6      | Reached XP level 9. HP: 77/82 MP: 8/8
  5237 | D:6      | Reached skill level 9 in Armour
  5608 | D:6      | Found a hide-covered altar of Uskayaw.
  5671 | D:7      | Found a stormy altar of Qazlal.
  5684 | D:7      | Noticed Prince Ribbit
  5707 | D:7      | Killed Prince Ribbit
  6074 | D:7      | Found a flagged portal.
  6079 | D:7      | Identified the +6 halberd of Sewienoleti {antimagic, rF+
                  | Int+2 SInv}
  6096 | Bailey   | Entered a bailey
  6257 | Bailey   | Noticed a gargoyle
  6268 | Bailey   | Killed a gargoyle
  6269 | Bailey   | Reached skill level 10 in Armour
  6435 | Bailey   | HP: 1/85 [vampire/vampiric draining (13)]
  6439 | Bailey   | Slain by a vampire

Illustrated notes

Levels and vault maps discovered:
D:1:      saegor_arrival_simple_d, layout_rooms, serial_rivers,
          chequers_serial_rivers_micro_e, chequers_serial_rivers_room_a,
          chequers_serial_rivers_large_a, chequers_serial_rivers_micro_b,
          basic_ecumenical_altar
D:2:      layout_basic
D:3:      minmay_bubble_buster, layout_rooms, uniq_terence
D:4:      layout_loops_cross, lemuel_mausoleum_altar_yredelemnul,
          pdpol_wu_jian_five_deadly_venoms
D:5:      layout_cave_pods, minmay_temple_entry_purple_smoke, serial_shops,
          shop, ebering_ghost_inner_flame, kennysheep_decorative_pillar,
          kennysheep_generic_room_12
D:6:      layout_rooms, mainiacjoe_overflow_concentric_impassable,
          lemuel_tele_altar, nicolae_uskayaw_dance_studio
D:7:      wad_lake_hut, layout_loops_ring, nemelex_dance_club_becter,
          nicolae_qazlal_style_of_elements, gammafunk_temple_overflow_elements,
          enter_bailey_2, serial_co_window_serial, co_window_paths_b,
          co_window_paths_b, co_window_paths_a, co_window_paths_a,
          co_window_paths_a, co_window_corner_b, co_window_2corner,
          co_window_of_opportunity_c, glass_columns_a, glass_columns_a,
          glass_columns_a, glass_columns_a, uniq_menkaure, uniq_prince_ribbit1,
          uniq_joseph
Temple:   hellmonk_temple_micro_hex
Bailey:   bailey_polearm_vampire_castle_hellmonk, bailey

Skill      XL: |  1  2  3  4  5  6  7  8  9 |
---------------+----------------------------+-----
Armour         | 4 5 6 7 8 10 | 10.0
Axes           | 3 4 5 6 7 9 |  9.5
Fighting       | 4 5 6 8 9 |  9.9
Shields        | 4 5 6 7 |  7.4

Action                   |  1- 3 |  4- 6 |  7- 9 || total
-------------------------+-------+-------+-------++-------
Melee: War axe           |    71 |   120 |   324 ||   515
       Headbutt          |    11 |    25 |    58 ||    94
       Unarmed           |       |     3 |       ||     3
Throw: Dart              |       |     4 |     9 ||    13
       Boomerang         |       |       |     3 ||     3
  Use: Scroll            |       |       |     8 ||     8
Armor: Scale mail        |    44 |    36 |    51 ||   131
       Chain mail        |       |       |    84 ||    84
Dodge: Dodged            |    71 |    75 |   178 ||   324
Block: Buckler           |    30 |    23 |    84 ||   137
